 Dungeon Crawl Stone Soup version 0.30-a0-916-g9813417 (webtiles) character file.

Game seed: 14397408685092562413

77 Illumine the Grave Robber (level 4, 0/25 HPs)
             Began as a Deep Elf Necromancer on Mar 21, 2023.
             Slain by a kobold
             ... wielding a +0 whip of electrocution
              (20 damage)
             ... on level 4 of the Dungeon.
             The game lasted 00:04:00 (2566 turns).

Illumine the Grave Robber (Deep Elf Necromancer)    Turns: 2566, Time: 00:04:01

Health: 0/25       AC:  3    Str:  5    XL:     4   Next: 14%
Magic:  11/12      EV: 12    Int: 22    God:
Gold:   138        SH:  0    Dex: 15    Spells: 8/12 levels left

rFire   . . .      SeeInvis .    u - +2 short sword (drain)
rCold   . . .      Faith    .    (no shield)
rNeg    . . .      Spirit   .    a - +0 robe
rPois   .          Reflect  .    (no helmet)
rElec   .          Rampage  .    (no cloak)
rCorr   +                        (no gloves)
Will    +....                    h - +0 pair of boots
Stlth   ++                       (no amulet)
HPRegen 0.24/turn                o - ring of resist corrosion
MPRegen 0.13/turn                i - ring of willpower

@: no status effects
A: no striking features
a: no special abilities


You were on level 4 of the Dungeon.
You visited 1 branch of the dungeon, and saw 4 of its levels.

You collected 138 gold pieces.

Inventory:

Hand Weapons
 d - a +0 dagger
 u - a +2 short sword of draining (weapon)
Missiles
 e - 12 poisoned darts
 r - 4 boomerangs
Armour
 a - a +0 robe (worn)
 h - a +0 pair of boots (worn)
Jewellery
 i - a ring of willpower (right hand)
 j - a ring of protection from cold
 o - a ring of resist corrosion (left hand)
Scrolls
 f - 2 scrolls of identify {unknown}
 l - 3 scrolls of vulnerability {unknown}
 m - a scroll of fear {unknown}
 n - 3 scrolls of magic mapping {unknown}
 p - 2 scrolls of enchant weapon {unknown}
 s - a scroll of brand weapon {unknown}
Potions
 b - a potion of magic
 c - 2 potions of attraction {unknown}
 g - a potion of lignification {unknown}
 k - 2 potions of mutation {unknown}
 q - a potion of flight {unknown}
 t - a potion of resistance {unknown}


   Skills:
 + Level 1.0 Fighting
 - Level 2.4 Dodging
 - Level 2.4 Stealth
 + Level 4.5 Spellcasting
 + Level 5.7 Necromancy


You had 8 spell levels left.
You knew the following spells:

 Your Spells              Type           Power      Damage    Failure   Level
a - Necrotise             Necr           100%       1d9       1%          1
b - Vampiric Draining     Necr           30%        2d8       3%          3

Your spell library contained the following spells:

 Spells                   Type           Power      Damage    Failure   Level
 Animate Dead             Necr           30%        N/A       10%         4
 Agony                    Necr           30%        N/A       26%         5


Dungeon Overview and Level Annotations

Branches:
Dungeon (4/15)
 Temple: D:4-7

Altars:
Ashenzari
Makhleb
Zin

Shops:
D:1 (

Annotations:
D:3 Robin, Terence


Message History

Press: ? - help, Shift-Dir - straight line, f - goblin
Aim: a goblin, wielding a +0 club (ally target, chance to affect: 93%)
The goblin writhes in agony.
You kill the goblin!
The dead are walking!
You swap places.
The goblin shouts!
Your goblin skeleton misses the goblin.
Your goblin skeleton hits the goblin.
The goblin hits your goblin skeleton with a +0 dagger.
Your goblin skeleton hits the goblin.
Your goblin skeleton barely misses the goblin.
The goblin hits your goblin skeleton with a +0 dagger.
You see here 4 large rocks.
Your goblin skeleton hits the goblin.
Your goblin skeleton barely misses the goblin.
The goblin hits your goblin skeleton with a +0 dagger.
There is a stone staircase leading down here.
You climb downwards.
There is a stone staircase leading up here.
Magic restored.
Found a stone staircase leading up.
A kobold comes into view. It is wielding a +0 short sword.
The kobold shouts!
A kobold comes into view.
It is wielding a +0 whip of electrocution.
Casting: Necrotise (safe; 1% risk of failure)
Confirm with . or Enter, or press ? or * to list all spells.
Aiming: Necrotise (safe; 1% risk of failure)
Press: ? - help, Shift-Dir - straight line, f - kobold
Aim: a kobold, wielding a +0 short sword (chance to affect: 93%)
The kobold writhes in agony!
You kill the kobold!
The kobold shouts!
The dead are walking!
You swap places.
The kobold throws a stone.
The stone hits you but does no damage.
The kobold hits you with a +0 whip of electrocution.
You are electrocuted!!
Ouch! That really hurt!
You die...

#... #.. #.. #
... #.##.# .#
...# # ...
#.#####.####.
....
#...Z@K......
.....
#.#####.#####
......###.# #
..........#
......##..#
......##..#
......#...###..
##.#............
.....##..####.<.


You could see a kobold (ally target) and a friendly kobold skeleton.

Vanquished Creatures
  2 adders (D:3)
  A worm (D:2)
  2 dart slugs (D:1)
  5 ball pythons
  4 endoplasms
  2 giant cockroaches
  9 goblins
  7 hobgoblins
  A quokka (D:2)
  A frilled lizard (D:3)
  4 kobolds
  3 rats
41 creatures vanquished.

Vanquished Creatures (collateral kills)
  An endoplasm (D:2)
  2 goblins (D:3)
  A bat (D:1)
4 creatures vanquished.

Vanquished Creatures (others)
  6 plants (D:1)
6 creatures vanquished.

Grand Total: 51 creatures vanquished

Notes
Turn   | Place    | Note
-------+----------+-------------------------------------------
     0 | D:1      | Illumine the Deep Elf Necromancer began the quest for the
                  | Orb.
     0 | D:1      | Reached XP level 1. HP: 10/10 MP: 6/6
    25 | D:1      | Reached skill level 5 in Necromancy
   157 | D:1      | Found a faded altar of an unknown god.
   328 | D:1      | Found Gutor's Weapon Emporium.
   363 | D:1      | Reached XP level 2. HP: 13/15 MP: 3/8
  1269 | D:2      | Reached XP level 3. HP: 19/19 MP: 8/10
  1288 | D:2      | Learned a level 3 spell: Vampiric Draining
  1839 | D:3      | Found a broken altar of Ashenzari.
  2131 | D:3      | Found a burning altar of Makhleb.
  2158 | D:3      | Reached XP level 4. HP: 10/24 MP: 1/12
  2192 | D:3      | Noticed Robin
  2207 | D:2      | Reached skill level 1 in Fighting
  2358 | D:3      | Noticed Terence
  2422 | D:3      | Found a glowing silver altar of Zin.
  2463 | D:3      | Noticed an Executioner
  2466 | D:3      | Noticed a smoke demon
  2466 | D:3      | Noticed a smoke demon
  2566 | D:4      | Slain by a kobold

Illustrated notes

Levels and vault maps discovered:
D:1:      tekkud_arrival_beachfront_property, layout_basic, serial_shops,
          nicolae_shop_bloodbath_and_beyond,
          hellmonk_ecumenical_altar_crossroads, serial_bayou_lagoon_a,
          minivault_24
D:2:      layout_basic
D:3:      layout_rooms, mainiacjoe_overflow_alcove_2,
          mainiacjoe_overflow_six_doors_small, makhleb_altar_promises_db,
          uniq_robin, uniq_terence
D:4:      gammafunk_wand_slinger, layout_loops_ring, lemuel_crystal_altar,
          chequers_serial_rivers_micro_c, minmay_distorted

Skill      XL: |  1  2  3  4 |
---------------+-------------+-----
Necromancy     | 5 |  5.7
Spellcasting   | 4 |  4.5
Fighting       | 1 |  1.0
Dodging        | |  2.4
Stealth        | |  2.4

Action                     |  1- 3 |  4- 6 || total
---------------------------+-------+-------++-------
  Melee: Dagger            |     1 |       ||     1
   Cast: Necrotise         |    73 |    10 ||    83
 Armour: Robe              |     9 |     2 ||    11
  Dodge: Dodged            |    18 |     6 ||    24

Table legend: (Time is in decaauts)
 A = Elapsed time spent in this place.
 B = Non-inter-level travel time spent in this place.
 C = Inter-level travel time spent in this place.
 D = Time resting spent in this place.
 E = Time spent auto-exploring this place.
 F = Levels seen in this place.
 G = Mean time per level.
                   A        B        C        D        E       F      G
               +--------+--------+--------+--------+--------+-----+--------+
         Total |   2569 |   2508 |     61 |    147 |   1938 |   4 |  642.2 |
       Dungeon |   2569 |   2508 |     61 |    147 |   1938 |   4 |  642.2 |
               +--------+--------+--------+--------+--------+-----+--------+

Top non-repeatable levels by time:
     D:1: 1133 daAuts
     D:2: 801 daAuts
     D:3: 596 daAuts
     D:4: 37 daAuts
